 Dungeon Crawl Stone Soup version 0.22-a0-396-g3f858e3 (webtiles) character file.

81729 theclanless the Blocker (level 15, -11/108 HPs)
             Began as a Gnoll Fighter on Apr 30, 2018.
             Was the Champion of Hepliaklqana.
             Mangled by an earth elemental (30 damage)
             ... on level 1 of the Elven Halls on May 3, 2018.
             The game lasted 02:02:55 (19647 turns).

theclanless the Blocker (Gnoll Fighter)            Turns: 19647, Time: 02:02:55

Health: -11/108    AC: 21    Str: 25    XL:     15   Next: 71%
Magic:  12/12      EV: 23    Int: 19    God:    Hepliaklqana [******]
Gold:   1343       SH:  0    Dex: 17    Spells: 23/34 levels left

rFire    + . .     SeeInvis .   B - +8 Wrath of Trog {antimagic, *Rage}
rCold    . . .     Gourm    .   (shield currently unavailable)
rNeg     + + +     Faith    .   N - +0 swamp dragon scales
rPois    +         Spirit   .   y - +0 helmet of the Other World {rElec rN+ Stlth+} (curse)
rElec    +         Reflect  .   w - +2 cloak
rCorr    .         Harm     .   U - +1 pair of gloves of the Black Moon {*Drain rF+ rN++}
MR       +....     Rnd*Rage +   Z - +2 pair of boots
Stlth    +++++.....             g - amulet "Ycen" {Acrobat Str+7}
HPRegen  0.28/turn              d - ring "Jiges" {MP+9 Int+4 Slay+5}
MPRegen  0.13/turn              m - +5 ring of evasion

@: lethally poisoned (-11 -> -12), berserk cooldown, slowed, very slow
A: distributed training, reduced essence, fangs 1, strong nose
a: Recall Ancestor, Ancestor Identity, Transference, Idealise, Renounce Religion


You were on level 1 of the Elven Halls.
You worshipped Hepliaklqana.
Hepliaklqana was exalted by your worship.
You were not hungry.

You visited 5 branches of the dungeon, and saw 22 of its levels.
You also visited: Labyrinth and Ossuary.

You collected 2395 gold pieces.
You spent 1052 gold pieces at shops.

Inventory:

Hand Weapons
 a - the +7 falchion of an ice cave {speed, Int+4 Stlth+}
   (You found it in a labyrinth)

   Attacks with this weapon are significantly faster.
   It affects your intelligence (+4).
   It makes you more stealthy.
 b - the +5 arbalest of Freehold {speed, Str+2 Dex+4}
   (You bought it in a shop on level 11 of the Dungeon)

   Attacks with this weapon are significantly faster.
   It affects your strength (+2).
   It affects your dexterity (+4).
 B - the +8 Wrath of Trog (weapon) {antimagic, *Rage}
   (You found it on level 3 of the Lair of Beasts)

   It reduces the magical energy of the wielder, and disrupts the spells and
   magical abilities of those hit.
   Natural abilities and divine invocations are not affected.
   It may make you go berserk in combat.
 E - a +2 war axe
Missiles
 c - 21 javelins (quivered)
 s - 121 bolts
Armour
 w - a +2 cloak (worn)
 y - the cursed +0 helmet of the Other World (worn) {rElec rN+ Stlth+}
   (You found it on level 4 of the Lair of Beasts)

   It insulates you from electricity.
   It protects you from negative energy.
   It makes you more stealthy.
   It has a curse placed upon it.
 N - +0 swamp dragon scales (worn)
 S - a +4 large shield
 U - the +1 pair of gloves of the Black Moon (worn) {*Drain rF+ rN++}
   (You acquired it on level 12 of the Dungeon)

   It protects you from fire.
   It greatly protects you from negative energy.
   It causes draining when unequipped.
 Z - a +2 pair of boots (worn)
Jewellery
 d - the ring "Jiges" (left hand) {MP+9 Int+4 Slay+5}
   (You found it on level 11 of the Dungeon)

   [ring of slaying]

   It affects your intelligence (+4).
   It affects your accuracy and damage with ranged weapons and melee attacks
   (+5).
   It affects your magic capacity (+9).
 g - the amulet "Ycen" (around neck) {Acrobat Str+7}
   (You found it in a labyrinth)

   [amulet of the acrobat]

   It helps you evade while moving and waiting.
   It affects your strength (+7).
 m - a +5 ring of evasion (right hand)
 r - an uncursed ring of see invisible
 z - an uncursed ring of protection from fire
 A - an uncursed ring of flight
 I - an uncursed ring of positive energy
 J - an uncursed ring of protection from magic
 Q - the amulet "Berisaed" {Spirit rN+}
   (You found it in a labyrinth)

   [amulet of guardian spirit]

   It causes incoming damage to be split between your health and magic.
   It protects you from negative energy.
Wands
 u - a wand of digging (44)
 C - a wand of clouds (10)
 G - a wand of polymorph (11)
 K - a wand of iceblast (33)
 L - a wand of acid (22)
 R - a wand of paralysis (48)
 T - a wand of disintegration (11)
Scrolls
 e - 13 scrolls of remove curse
 i - 4 scrolls of teleportation
 j - 2 scrolls of enchant armour
 k - 7 scrolls of fear
 l - 2 scrolls of blinking
 o - 2 scrolls of immolation
 M - 7 scrolls of fog
 P - a scroll of identify
 V - a scroll of silence
 X - a scroll of enchant weapon
Potions
 h - a potion of magic
 n - 3 potions of mutation
 q - 3 potions of resistance
 t - 9 potions of curing
 v - 5 potions of haste
 x - 2 potions of agility
 D - a potion of flight
 H - 4 potions of cancellation
 O - 4 potions of brilliance
 W - a potion of ambrosia
 Y - a potion of might
Miscellaneous
 p - a box of beasts
Comestibles
 f - 40 rations
 F - 2 chunks of flesh


   Skills:
 + Level 11.8 Fighting
 + Level 10.1 Short Blades
 + Level 10.1 Long Blades
 + Level 11.0 Axes
 + Level 10.1 Maces & Flails
 + Level 10.1 Polearms
 + Level 10.1 Staves
 + Level 10.1 Slings
 + Level 10.1 Bows
 + Level 10.1 Crossbows
 + Level 10.1 Throwing
 + Level 11.8 Armour
 + Level 10.1 Dodging
 + Level 10.1 Stealth
 + Level 11.8 Shields
 + Level 10.1 Unarmed Combat
 + Level 10.1 Spellcasting
 + Level 8.5 Conjurations
 + Level 8.5 Hexes
 + Level 8.5 Charms
 + Level 8.5 Summonings
 + Level 8.5 Necromancy
 + Level 8.5 Translocations
 + Level 8.5 Transmutations
 + Level 8.5 Fire Magic
 + Level 8.5 Ice Magic
 + Level 8.5 Air Magic
 + Level 8.5 Earth Magic
 + Level 8.5 Poison Magic
 + Level 10.9 Invocations
 + Level 10.1 Evocations


You had 23 spell levels left.
You knew the following spells:

 Your Spells              Type           Power        Failure   Level  Hunger
a - Animate Skeleton      Necr           N/A          1%          1    None
c - Regeneration          Chrm/Necr      #####.....   1%          3    None
d - Vampiric Draining     Necr           #####.....   1%          3    None
A - Animate Dead          Necr           N/A          3%          4    ##.....


Dungeon Overview and Level Annotations

Branches:
Dungeon (12/15)            Temple (1/1) D:4            Lair (6/6) D:9
 Shoals (0/4) Lair:3        Snake (0/4) Lair:2        Slime (0/5) Lair:6
    Orc (2/2) D:9             Elf (1/3) Orc:2

Altars:
Ashenzari
Cheibriados
Dithmenos
Elyvilon
Fedhas
Gozag
Hepliaklqana
Kikubaaqudgha
Makhleb
Nemelex Xobeh
Okawaru
Qazlal
Ru
Sif Muna
Trog
Uskayaw
Vehumet
Wu Jian
Xom
Yredelemnul
Zin
The Shining One
Beogh

Shops:
D:4 (   D:5 (   D:9 %   D:11 (   D:12 *   Orc:2 ((?%


Innate Abilities, Weirdness & Mutations

Your experience applies equally to all skills.
You have very sharp teeth.
Your uncanny sense of smell can sniff out nearby items.
Your life essence is reduced to manifest your ancestor. (-10% HP)


Message History

Unknown command.
You carve something like a ham!!! Your bite misses something.
You slice the earth elemental!!
You feel sick. Something completely misses you.
The earth elemental completely misses you.
A deep elf knight comes into view. It is wielding a glaive of venom.
Unknown command.
You completely miss something. Your bite misses something.
You barely miss the earth elemental. The earth elemental hits you!
Something hits you!!
Unknown command.
You completely miss something. You barely miss the earth elemental.
You feel sick.
The deep elf knight hits you from afar with a glaive of venom!
* * * LOW HITPOINT WARNING * * *
The deep elf mage gestures wildly while chanting.
The deep elf mage blinks!
You hear some strange, mumbled words.
A shard of ice appears from out of thin air!
The shard of ice hits you! The earth elemental hits you!!
You die...

#.##.#.##..##
##....##.Z..#
#..#.#.#Z#..#
##.#e#.#R#.##..#
#...#.#.#Z##
.#... ...#.#.#.#
.# ## ∆ ..#.#.##
## ∆∆∆#.#E#Z##
∆####@## ∆∆
#{#)# ∆∆#e ## §.
###


You could see a deep elf knight, an earth elemental and a friendly deep elf
knight zombie.

Vanquished Creatures
  An entropy weaver (Lair:3)
  A minotaur (Lab)
  Snorg (Lair:5)
  The ghost of Maimakterion the Destroyer, a journeyman DrCj of Vehumet (D:11)
  7 hydras
  Erica (Orc:1)
  The ghost of mandarbmax the Cleaver, a novice DDFi of Makhleb (Lair:1)
  2 ghost crabs (Lair:3)
  3 dancing weapons (Elf:1)
  3 two-headed ogres
  2 orc high priests
  2 deep elf knights (Elf:1)
  4 fire crabs (Lair:3)
  A swamp dragon (Lair:6)
  2 deep elf archers (Elf:1)
  2 lindwurms (Lair:2)
  An orc knight (Orc:1)
  An ugly thing (D:11)
  2 wolf spiders (Lair:6)
  5 orc sorcerers
  6 deep elf magi (Elf:1)
  A cyclops (D:11)
  A guardian serpent (Lair:6)
  7 black mambas
  11 spiny frogs
  4 elephants
  6 komodo dragons
  7 rime drakes
  2 trolls
  2 hornets
  A raiju (shapeshifter) (Elf:1)
  16 blink frogs
  A snapping turtle (Lair:3)
  5 dream sheep (Lair:5)
  9 hippogriffs
  3 redbacks (Lair:6)
  A water elemental (Elf:1)
  24 yaks
  9 wyverns
  2 basilisks
  A steam dragon (Lair:6)
  2 vampire mosquitoes (D:12)
  2 hungry ghosts
  An acid dragon (D:12)
  3 wargs
  A soldier ant (D:12)
  17 water moccasins
  Menkaure (D:7)
  A swamp drake (Lair:6)
  An ice beast (D:9)
  12 porcupines
  16 orc warriors
  A phantom (D:11)
  A black bear (D:8)
  2 sky beasts
  13 wolves
  11 ogres
  5 centaurs
  9 crocodiles
  2 big kobolds
  2 elf zombies (Ossuary)
  12 bullfrogs
  A wyvern skeleton (D:8)
  2 scorpions
  2 killer bees
  4 wights (D:12)
  4 electric eels
  2 howler monkeys (D:11)
  A lava snake (Lair:2)
  2 crimson imps
  11 hounds
  4 jellies
  2 human zombies (Ossuary)
  14 orc priests
  25 orc wizards
  5 iguanas
  4 worker ants
  2 big kobold zombies (Ossuary)
  A hound zombie (Ossuary)
  2 hound skeletons
  2 mummies (Ossuary)
  A worker ant zombie (D:11)
  4 gnolls (Orc:1)
  5 adders
  A howler monkey skeleton (D:10)
  3 shadow imps
  5 oozes (D:8)
  An adder skeleton (D:6)
  4 adder zombies (Ossuary)
  4 worms
  2 dart slugs (D:1)
  6 leopard geckos
  62 orcs
  2 ball pythons
  7 bats
  3 giant cockroaches
  9 goblins
  7 hobgoblins
  11 jackals
  24 kobolds
  5 quokkas
  5 frilled lizards
  2 goblin zombies (Ossuary)
  5 hobgoblin zombies (Ossuary)
  3 jackal zombies (Ossuary)
  A kobold zombie (Ossuary)
  A leopard gecko skeleton (D:7)
  A leopard gecko zombie (D:5)
  An orc zombie (Ossuary)
  3 quokka zombies (Ossuary)
  8 rats
  2 rat zombies (Ossuary)
  A fungus (Lair:6)
  8 plants (Lair:6)
574 creatures vanquished.

Vanquished Creatures (collateral kills)
  4 entropy weavers (Lair:3)
  A fire dragon (Lair:6)
  A hydra (Lair:6)
  A ghost crab (Lair:3)
  A two-headed ogre (D:11)
  A dancing weapon (Elf:1)
  2 fire crabs (Lair:3)
  An ugly thing (D:12)
  7 oklob plants
  A gargoyle (D:10)
  An apocalypse crab (Lair:3)
  4 spiny frogs
  2 kobold demonologists (D:11)
  2 rime drakes (Lair:4)
  2 trolls
  A polar bear (Lair:4)
  7 blink frogs
  A hornet (Lair:6)
  A dream sheep (Lair:5)
  2 hippogriffs
  12 yaks
  A wyvern (D:10)
  2 basilisks
  A hungry ghost (D:7)
  2 wargs
  8 water moccasins
  4 swamp drakes (Lair:6)
  3 orc warriors
  A black bear (D:9)
  4 wolves
  An ice beast (D:5)
  3 ogres
  2 phantoms
  An eye of draining (D:10)
  A centaur (D:7)
  5 crocodiles
  3 big kobolds
  6 bullfrogs
  A scorpion (D:7)
  A water moccasin skeleton (D:5)
  2 killer bees (D:10)
  An electric eel (Lair:2)
  A centaur zombie (Ossuary)
  A howler monkey (D:9)
  A jelly (D:7)
  A quasit (D:6)
  2 hounds
  2 human zombies (Ossuary)
  5 orc priests
  A bullfrog skeleton (D:5)
  An iguana (Lair:6)
  5 orc wizards
  A worker ant (D:10)
  A mummy (Ossuary)
  2 adders
  An ooze (D:2)
  An adder skeleton (D:5)
  3 leopard geckos
  6 orcs
  2 goblins
  A hobgoblin (D:2)
  2 quokkas
  A bat (D:3)
  2 frilled lizards
  2 kobolds
  A kobold zombie (Ossuary)
  A quokka zombie (Ossuary)
  A rat (D:3)
  4 fungi
  7 plants
167 creatures vanquished.

Vanquished Creatures (others)
  11 hexers
  5 fungi (Lair:6)
  10 plants
26 creatures vanquished.

Grand Total: 767 creatures vanquished

Notes
Turn   | Place    | Note
-------+----------+-------------------------------------------
     0 | D:1      | theclanless the Gnoll Fighter began the quest for the Orb.
     0 | D:1      | Reached XP level 1. HP: 23/23 MP: 1/1
    77 | D:1      | Reached XP level 2. HP: 27/29 MP: 2/2
   276 | D:1      | Reached XP level 3. HP: 34/35 MP: 3/3
   525 | D:2      | Reached skill level 1 in Invocations
   668 | D:2      | Found a burning altar of Makhleb.
   679 | D:2      | Found a glowing golden altar of the Shining One.
   679 | D:2      | Found a hazy altar of Hepliaklqana.
   685 | D:2      | Found a blossoming altar of Fedhas.
   694 | D:2      | Became a worshipper of Hepliaklqana the Forgotten
   711 | D:2      | Reached skill level 1 in Short Blades
   711 | D:2      | Reached skill level 1 in Long Blades
   711 | D:2      | Reached skill level 1 in Maces & Flails
   711 | D:2      | Reached skill level 1 in Polearms
   711 | D:2      | Reached skill level 1 in Staves
   711 | D:2      | Reached skill level 1 in Slings
   711 | D:2      | Reached skill level 1 in Bows
   711 | D:2      | Reached skill level 1 in Crossbows
   711 | D:2      | Reached skill level 1 in Throwing
   711 | D:2      | Reached skill level 1 in Dodging
   711 | D:2      | Reached skill level 1 in Stealth
   711 | D:2      | Reached skill level 1 in Unarmed Combat
   711 | D:2      | Reached skill level 1 in Spellcasting
   711 | D:2      | Reached skill level 1 in Evocations
   788 | D:2      | Reached XP level 4. HP: 36/36 MP: 5/5
   851 | D:2      | Found a sacrificial altar of Ru.
  1056 | D:2      | Reached skill level 1 in Conjurations
  1056 | D:2      | Reached skill level 1 in Hexes
  1056 | D:2      | Reached skill level 1 in Charms
  1056 | D:2      | Reached skill level 1 in Summonings
  1056 | D:2      | Reached skill level 1 in Necromancy
  1056 | D:2      | Reached skill level 1 in Translocations
  1056 | D:2      | Reached skill level 1 in Transmutations
  1056 | D:2      | Reached skill level 1 in Fire Magic
  1056 | D:2      | Reached skill level 1 in Ice Magic
  1056 | D:2      | Reached skill level 1 in Air Magic
  1056 | D:2      | Reached skill level 1 in Earth Magic
  1056 | D:2      | Reached skill level 1 in Poison Magic
  1502 | D:3      | Reached XP level 5. HP: 42/42 MP: 6/6
  1504 | D:3      | Reached * piety under Hepliaklqana
  2146 | D:4      | Found a shadowy altar of Dithmenos.
  2250 | D:4      | Reached XP level 6. HP: 38/47 MP: 8/8
  2360 | D:4      | Reached ** piety under Hepliaklqana
  2361 | D:4      | Remembered your ancestor Love as a hexer
  2415 | D:4      | Found Ugris's Weapon Boutique.
  2516 | D:4      | Reached skill level 5 in Axes
  2541 | D:4      | Found a staircase to the Ecumenical Temple.
  3290 | Temple   | Entered the Ecumenical Temple
  3322 | D:5      | Entered Level 5 of the Dungeon
  3333 | D:5      | Reached XP level 7. HP: 22/53 MP: 4/10
  3342 | D:5      | Got a distressingly furry robe
  3422 | D:5      | Found a white marble altar of Elyvilon.
  3481 | D:5      | Found a basalt altar of Yredelemnul.
  3514 | D:5      | Reached *** piety under Hepliaklqana
  3545 | D:5      | Found a sand-covered staircase.
  3550 | Ossuary  | Entered an ossuary
  3735 | Ossuary  | Reached XP level 8. HP: 60/60 MP: 12/12
  3948 | D:5      | Found Becomoy's Antique Weapon Emporium.
  4382 | D:6      | Learned a level 3 spell: Regeneration
  4389 | D:6      | Reached XP level 9. HP: 61/64 MP: 14/14
  4409 | D:6      | Identified the +1 robe "Aseamysy" {Int+2 Dex+2 Stlth+} (You found it on level 5 of the Dungeon)
  5057 | D:6      | Noticed a troll
  5066 | D:6      | Killed a troll
  5254 | D:7      | Noticed a hand axe
  5255 | D:7      | Noticed a hand axe
  5259 | D:7      | Found a hide-covered altar of Uskayaw.
  5316 | D:7      | Noticed Menkaure
  5325 | D:7      | Killed Menkaure
  5325 | D:7      | Reached skill level 5 in Invocations
  5645 | D:7      | Reached XP level 10. HP: 34/72 MP: 9/17
  5732 | D:7      | Learned a level 1 spell: Animate Skeleton
  6214 | D:8      | Reached **** piety under Hepliaklqana
  6263 | D:8      | Found a shattered altar of Ashenzari.
  6515 | D:8      | Reached skill level 5 in Short Blades
  6515 | D:8      | Reached skill level 5 in Long Blades
  6515 | D:8      | Reached skill level 5 in Maces & Flails
  6515 | D:8      | Reached skill level 5 in Polearms
  6515 | D:8      | Reached skill level 5 in Staves
  6515 | D:8      | Reached skill level 5 in Slings
  6515 | D:8      | Reached skill level 5 in Bows
  6515 | D:8      | Reached skill level 5 in Crossbows
  6515 | D:8      | Reached skill level 5 in Throwing
  6515 | D:8      | Reached skill level 5 in Dodging
  6515 | D:8      | Reached skill level 5 in Stealth
  6515 | D:8      | Reached skill level 5 in Unarmed Combat
  6515 | D:8      | Reached skill level 5 in Spellcasting
  6515 | D:8      | Reached skill level 5 in Evocations
  7093 | D:9      | Found a staircase to the Orcish Mines.
  7141 | D:9      | Found a roughly hewn altar of Beogh.
  7295 | D:9      | Found a staircase to the Lair.
  7313 | D:9      | Noticed an elephant
  7337 | D:9      | Killed an elephant
  7700 | D:9      | Found Unugiterr's Food Shop.
  7734 | D:10     | Entered Level 10 of the Dungeon
  7985 | D:10     | Reached ***** piety under Hepliaklqana
  8196 | D:10     | Reached XP level 11. HP: 78/78 MP: 19/19
  8297 | D:10     | Noticed a two-headed ogre
  8303 | D:10     | Killed a two-headed ogre
  8741 | D:11     | Noticed a brown ugly thing
  8744 | D:11     | Noticed a cyclops
  8752 | D:11     | Killed a brown ugly thing
  8752 | D:11     | Reached skill level 5 in Conjurations
  8752 | D:11     | Reached skill level 5 in Hexes
  8752 | D:11     | Reached skill level 5 in Charms
  8752 | D:11     | Reached skill level 5 in Summonings
  8752 | D:11     | Reached skill level 5 in Necromancy
  8752 | D:11     | Reached skill level 5 in Translocations
  8752 | D:11     | Reached skill level 5 in Transmutations
  8752 | D:11     | Reached skill level 5 in Fire Magic
  8752 | D:11     | Reached skill level 5 in Ice Magic
  8752 | D:11     | Reached skill level 5 in Air Magic
  8752 | D:11     | Reached skill level 5 in Earth Magic
  8752 | D:11     | Reached skill level 5 in Poison Magic
  8764 | D:11     | Killed a cyclops
  8788 | D:11     | Found Buni's Weapon Shoppe.
  8904 | D:11     | Noticed Maimakterion's ghost (journeyman DrCj)
  8955 | D:11     | Killed Maimakterion's ghost
  9181 | D:11     | Noticed a two-headed ogre
  9190 | D:11     | Killed a two-headed ogre
  9239 | D:11     | Got a fine golden ring
  9240 | D:11     | Identified the ring "Jiges" {MP+9 Int+4 Slay+5} (You found it on level 11 of the Dungeon)
  9273 | D:11     | Noticed a two-headed ogre
  9282 | D:11     | Killed a two-headed ogre
  9352 | D:11     | Noticed a six-headed hydra
  9365 | D:11     | Killed a six-headed hydra
  9426 | D:11     | Reached XP level 12. HP: 71/86 MP: 22/22
  9521 | D:12     | Identified a scroll of acquirement
  9522 | D:12     | Got a pair of faintly glowing gloves
  9528 | D:12     | Identified the +1 pair of gloves of the Black Moon {*Drain rF+ rN++} (You acquired it on level 12 of the Dungeon)
  9718 | D:12     | Found Fonefeatt's Demolitions Depot.
  9946 | D:12     | Noticed a two-headed ogre
  9953 | D:12     | Killed a two-headed ogre
 10297 | Lair:1   | Entered Level 1 of the Lair of Beasts
 10298 | Lair:1   | Noticed mandarbmax's ghost (novice DDFi)
 10329 | Lair:1   | Killed mandarbmax's ghost
 11156 | Lair:2   | Found a staircase to the Snake Pit.
 11178 | Lair:2   | Reached skill level 10 in Fighting
 11178 | Lair:2   | Reached skill level 10 in Armour
 11178 | Lair:2   | Reached skill level 10 in Shields
 11261 | Lair:2   | Found a labyrinth entrance.
 11271 | Lab      | Entered a labyrinth
 12447 | Lab      | Reached ****** piety under Hepliaklqana
 12527 | Lab      | Noticed a minotaur
 12547 | Lab      | Killed a minotaur
 12554 | Lab      | Got a twitching lead amulet
 12554 | Lab      | Got a heavily runed brass amulet
 12555 | Lab      | Identified the amulet "Berisaed" {Spirit rN+} (You found it in a labyrinth)
 12558 | Lab      | Identified the amulet "Ycen" {Acrobat Str+7} (You found it in a labyrinth)
 12563 | Lab      | Got an ichor-stained falchion
 12564 | Lab      | Identified the +7 falchion of an ice cave {speed, Int+4 Stlth+} (You found it in a labyrinth)
 12740 | Lair:2   | Reached XP level 13. HP: 92/92 MP: 24/24
 13409 | Lair:2   | Upgraded the game from 0.22-a0-389-g8519d86 to 0.22-a0-396-g3f858e3
 13600 | Lair:3   | Found a staircase to the Shoals.
 13843 | Lair:3   | Found a runed door.
 13876 | Lair:3   | Noticed an entropy weaver
 13901 | Lair:3   | HP: 4/93 [entropy weaver (4)]
 13901 | Lair:3   | Killed an entropy weaver
 13972 | Lair:3   | Noticed an entropy weaver
 13981 | Lair:3   | Killed an entropy weaver
 14102 | Lair:3   | Noticed an entropy weaver
 14122 | Lair:3   | Killed an entropy weaver
 14171 | Lair:3   | Noticed an entropy weaver
 14182 | Lair:3   | Killed an entropy weaver
 14289 | Lair:3   | Noticed an entropy weaver
 14297 | Lair:3   | Killed an entropy weaver
 14302 | Lair:3   | Found the +8 Wrath of Trog {antimagic, *Rage}
 14398 | Lair:3   | Reached XP level 14. HP: 97/99 MP: 26/26
 14923 | Lair:4   | Reached skill level 10 in Axes
 15153 | Lair:4   | Identified the cursed +0 helmet of the Other World {rElec rN+ Stlth+} (You found it on level 4 of the Lair of Beasts)
 15740 | Lair:5   | Found a stormy altar of Qazlal.
 15940 | Lair:5   | Noticed Snorg
 15949 | Lair:5   | Killed Snorg
 16103 | Lair:5   | Reached skill level 10 in Invocations
 16389 | Lair:6   | Entered Level 6 of the Lair of Beasts
 16856 | Lair:6   | Found a staircase to the Slime Pits.
 16990 | Lair:6   | Reached XP level 15. HP: 90/107 MP: 11/28
 17810 | D:9      | Learned a level 4 spell: Animate Dead
 17814 | D:9      | Learned a level 3 spell: Vampiric Draining
 17834 | Orc:1    | Entered Level 1 of the Orcish Mines
 17834 | Orc:1    | Noticed Erica
 17844 | Orc:1    | Killed Erica
 18220 | Orc:2    | Entered Level 2 of the Orcish Mines
 18220 | Orc:2    | Found a staircase to the Elven Halls.
 18499 | Orc:2    | Found Hizab's Antique Weapon Shop.
 18499 | Orc:2    | Found Teumn's Weapon Shop.
 18511 | Orc:2    | Found Atsi's Magic Scroll Boutique.
 18515 | Orc:2    | Found Jenaxoup's Food Boutique.
 18525 | Orc:2    | Bought a scroll of enchant armour for 75 gold pieces
 19078 | D:11     | Bought 15 bolts for 48 gold pieces
 19078 | D:11     | Bought the +5 arbalest of Freehold {speed, Str+2 Dex+4} for 929 gold pieces
 19524 | Elf:1    | Entered Level 1 of the Elven Halls
 19556 | Elf:1    | Reached skill level 10 in Short Blades
 19556 | Elf:1    | Reached skill level 10 in Long Blades
 19556 | Elf:1    | Reached skill level 10 in Maces & Flails
 19556 | Elf:1    | Reached skill level 10 in Polearms
 19556 | Elf:1    | Reached skill level 10 in Staves
 19556 | Elf:1    | Reached skill level 10 in Slings
 19556 | Elf:1    | Reached skill level 10 in Bows
 19556 | Elf:1    | Reached skill level 10 in Crossbows
 19556 | Elf:1    | Reached skill level 10 in Throwing
 19556 | Elf:1    | Reached skill level 10 in Dodging
 19556 | Elf:1    | Reached skill level 10 in Stealth
 19556 | Elf:1    | Reached skill level 10 in Unarmed Combat
 19556 | Elf:1    | Reached skill level 10 in Spellcasting
 19556 | Elf:1    | Reached skill level 10 in Evocations
 19647 | Elf:1    | Mangled by an earth elemental

Vault maps used:
D:1:      minmay_arrival_stair_chambers, minmay_tetromino_t4
D:2:      minitemple, nicolae_ru_path_of_blood, minmay_joined_circles
D:3:      eino_tiny_chamber
D:4:      overflow_temple_1_default, minmay_temple_entry_purple_smoke,
          first_ration, serial_shops, shop
D:5:      kennysheep_ying_yang, enter_ossuary_2, serial_shops,
          nicolae_shop_waterfront
D:6:      hex_medium, minmay_small_thing
D:7:      dancing_weapons_uskayaw, uniq_menkaure
D:8:      cheibrodos_ashenzari_chains, hangedman_little_slice_of_home
D:9:      david_lair_generic, minmay_orc_entry_temple_small, serial_shops,
          kennysheep_mini_moat
D:10:     grunt_decor_mini_mirrors
D:11:     serial_shops, nicolae_shop_trees
D:12:     nicolae_blasting_shop
Temple:   nicolae_temple_no_exploring_needed
Lair:1:   beast_lair_carwin_large_3, minivault_26,
          grunt_forest_small_clearing_treed, serial_bayou_shore_a,
          lemuel_fruit_tree, lemuel_fruit_fields
Lair:2:   cheibrodos_lair_overgrown_chateau, guppyfry_snake_entry_island,
          lab_entry_generic, beast_lair_carwin_10
Lair:3:   gammafunk_mikee_crab_dinner, minmay_shoals_entry_hut
Lair:4:   grunt_megastairs_5, minmay_lair_oklob_chamber
Lair:5:   basic_altar, uniq_snorg
Lair:6:   hangedman_lair_tendril_chambers, guppyfry_lair_end_dragon,
          minmay_slime_entry_oklob_open, infiniplex_staircase_pool
Orc:1:    uniq_erica
Orc:2:    st_orc_mages
Elf:1:    minmay_the_grid_triangle_9x9_rhombus_thin_mashed,
          minmay_elf_necromancy, nrook_mini_backslash, corexii_checkpoint_a,
          evilmike_surprise_oklob
Ossuary:  minmay_ossuary_two_tombs

Skill      XL: |  1  2  3  4  5  6  7  8  9 10 11 12 13 14 15 |
---------------+----------------------------------------------+-----
Invocations    | 1 2 3 4 5 6 7 8 9 10 | 10.9
Short Blades   | 1 2 3 4 5 6 7 8 9 10 | 10.1
Long Blades    | 1 2 3 4 5 6 7 8 9 10 | 10.1
Maces & Flails | 1 2 3 4 5 6 7 8 9 10 | 10.1
Polearms       | 1 2 3 4 5 6 7 8 9 10 | 10.1
Staves         | 1 2 3 4 5 6 7 8 9 10 | 10.1
Slings         | 1 2 3 4 5 6 7 8 9 10 | 10.1
Bows           | 1 2 3 4 5 6 7 8 9 10 | 10.1
Crossbows      | 1 2 3 4 5 6 7 8 9 10 | 10.1
Throwing       | 1 2 3 4 5 6 7 8 9 10 | 10.1
Dodging        | 1 2 3 4 5 6 7 8 9 10 | 10.1
Stealth        | 1 2 3 4 5 6 7 8 9 10 | 10.1
Unarmed Combat | 1 2 3 4 5 6 7 8 9 10 | 10.1
Spellcasting   | 1 2 3 4 5 6 7 8 9 10 | 10.1
Evocations     | 1 2 3 4 5 6 7 8 9 10 | 10.1
Conjurations   | 1 2 3 4 5 6 7 8 |  8.5
Hexes          | 1 2 3 4 5 6 7 8 |  8.5
Charms         | 1 2 3 4 5 6 7 8 |  8.5
Summonings     | 1 2 3 4 5 6 7 8 |  8.5
Necromancy     | 1 2 3 4 5 6 7 8 |  8.5
Translocations | 1 2 3 4 5 6 7 8 |  8.5
Transmutations | 1 2 3 4 5 6 7 8 |  8.5
Fire Magic     | 1 2 3 4 5 6 7 8 |  8.5
Ice Magic      | 1 2 3 4 5 6 7 8 |  8.5
Air Magic      | 1 2 3 4 5 6 7 8 |  8.5
Earth Magic    | 1 2 3 4 5 6 7 8 |  8.5
Poison Magic   | 1 2 3 4 5 6 7 8 |  8.5
Axes           | 5 6 7 8 9 10 11 | 11.0
Fighting       | 7 8 9 10 11 | 11.8
Armour         | 7 8 9 10 11 | 11.8
Shields        | 7 8 9 10 11 | 11.8

Action                   |  1- 3 |  4- 6 |  7- 9 | 10-12 | 13-15 || total
-------------------------+-------+-------+-------+-------+-------++-------
Melee: War axe           |   120 |   133 |   282 |   617 |       ||  1152
       Bite              |    14 |    13 |    35 |   122 |   133 ||   317
       Flail             |       |       |       |     5 |       ||     5
       Falchion          |       |       |       |    13 |   292 ||   305
       Dagger            |       |       |       |       |    10 ||    10
       Demon whip        |       |       |       |       |   120 ||   120
       Battleaxe         |       |       |       |       |   290 ||   290
       Punch             |       |       |       |       |     7 ||     7
 Fire: Arbalest          |       |       |       |       |     2 ||     2
Throw: Tomahawk          |       |       |       |     5 |       ||     5
 Cast: Regeneration      |       |       |       |       |    32 ||    32
       Animate Skeleton  |       |       |       |       |    66 ||    66
       Animate Dead      |       |       |       |       |     8 ||     8
Invok: Ancestor Identity |     1 |       |       |       |       ||     1
       Recall Ancestor   |       |     1 |       |       |     1 ||     2
       Ancestor Life: He |       |     1 |       |       |       ||     1
       Idealise          |       |       |       |     1 |     4 ||     5
       Transference      |       |       |       |       |     5 ||     5
Evoke: Wand              |       |       |       |     4 |     5 ||     9
  Use: Scroll            |     2 |    14 |     6 |    15 |     7 ||    44
       Potion            |       |     2 |     1 |     7 |     4 ||    14
 Stab: Confused          |       |     1 |     2 |     9 |     6 ||    18
       Distracted        |       |       |     5 |    15 |    19 ||    39
       Sleeping          |       |       |     1 |       |     7 ||     8
       Paralysed         |       |       |       |       |     5 ||     5
  Eat: Chunk             |    18 |     5 |     2 |    20 |    20 ||    65
       Ration            |       |       |       |     2 |     2 ||     4
Armor: Scale mail        |    71 |    32 |    84 |    27 |       ||   214
       Chain mail        |       |       |       |   173 |   178 ||   351
       Ring mail         |       |       |       |     6 |       ||     6
       Swamp dragon scal |       |       |       |       |    48 ||    48
Dodge: Dodged            |    57 |    36 |    77 |    91 |   505 ||   766
Block: Shield            |    66 |    67 |   173 |     1 |       ||   307
       Large shield      |       |       |       |   626 |   323 ||   949
       Rpst.: Falchion   |       |       |       |       |    16 ||    16

Table legend:
 A = Spawn XP
 B = Non-spawn XP
 C = Spawn XP percentage of total XP
 D = Spawn monster count
 E = Non-spawn monster count
 F = Spawn count percentage of total count
 G = Total turns spent on level
                    A         B        C        D         E        F      G
               +---------+---------+-------+---------+---------+-------+---------
         Total |       0 |  116757 |   0.0 |       0 |     721 |   0.0 | 19647
               +---------+---------+-------+---------+---------+-------+---------
           D:1 |       0 |      51 |   0.0 |       0 |      27 |   0.0 |   517
           D:2 |       0 |      91 |   0.0 |       0 |      32 |   0.0 |   955
           D:3 |       0 |     112 |   0.0 |       0 |      26 |   0.0 |   570
           D:4 |       0 |     312 |   0.0 |       0 |       7 |   0.0 |  1278
           D:5 |       0 |     955 |   0.0 |       0 |      21 |   0.0 |   746
           D:6 |       0 |    1537 |   0.0 |       0 |      23 |   0.0 |   797
           D:7 |       0 |    1197 |   0.0 |       0 |      26 |   0.0 |  1062
           D:8 |       0 |    1038 |   0.0 |       0 |      34 |   0.0 |   870
           D:9 |       0 |    2237 |   0.0 |       0 |      28 |   0.0 |  1020
          D:10 |       0 |    2749 |   0.0 |       0 |      21 |   0.0 |  1148
          D:11 |       0 |    7745 |   0.0 |       0 |      40 |   0.0 |   816
          D:12 |       0 |    5383 |   0.0 |       0 |      36 |   0.0 |   714
        Lair:1 |       0 |    4450 |   0.0 |       0 |      25 |   0.0 |  1024
        Lair:2 |       0 |    8828 |   0.0 |       0 |      40 |   0.0 |  1110
        Lair:3 |       0 |   16695 |   0.0 |       0 |      31 |   0.0 |  1306
        Lair:4 |       0 |    7731 |   0.0 |       0 |      33 |   0.0 |   933
        Lair:5 |       0 |    8643 |   0.0 |       0 |      24 |   0.0 |   705
        Lair:6 |       0 |   24132 |   0.0 |       0 |      99 |   0.0 |  1333
         Orc:1 |       0 |    5323 |   0.0 |       0 |      40 |   0.0 |   392
         Orc:2 |       0 |    5529 |   0.0 |       0 |      55 |   0.0 |   631
         Elf:1 |       0 |   10181 |   0.0 |       0 |      16 |   0.0 |   123
           Lab |       0 |    1261 |   0.0 |       0 |       1 |   0.0 |  1300
       Ossuary |       0 |     577 |   0.0 |       0 |      36 |   0.0 |   295
               +---------+---------+-------+---------+---------+-------+---------
